Map: King's Cove LE

Players

Seph

  • Race: Zerg Zerg
  • Spawn Location: 5:00

AlphaShark - Winner!

  • Race: Zerg Zerg
  • Spawn Location: 11:00

VOD

Have the link to the VOD?

Description

Time

  • Played on: Feb. 14, 2019, 8:22 p.m.
  • Length: 5:29
Show
View Real Time Build Order
Export as new Build Order

Seph Zerg 

Build Orders: Hatch First 

Get SALT Encoding   

  12  0:11  Drone x2  
  14  0:19  Overlord  
  14  0:57  Hatchery  
  13  1:05  Spawning Pool  
  13  1:07  Drone  
  13  1:32  Drone x3  
  16  1:37  Extractor  
  15  1:44  Overlord  
  15  1:55  Evolution Chamber  
  15  2:00  Roach Warren  
  13  2:01  Drone  
  14  2:09  Queen  
  16  2:19  Queen  
  18  2:27  Drone  
  19  2:30  Drone  
  20  2:38  Extractor  
  20  2:40  Drone x2  
  21  2:59  Drone  
  20  3:07  Roach  
  22  3:14  Roach x3  
  22  3:19  Roach  
  24  3:42  Roach x3  
  24  3:46  Zergling x4  
  30  3:54  Overlord  
  29  4:17  Roach x4  
  29  4:18  Roach  
  31  4:31  Queen  
Show
View Real Time Build Order
Export as new Build Order

AlphaShark Zerg - Winner!

Build Orders: Hatch First 

Get SALT Encoding   

  12  0:00  Drone  
  13  0:08  Drone  
  13  0:13  Extractor  
  13  0:16  Drone  
  15  0:23  Overlord  
  15  0:41  Drone x2  
  17  0:45  Drone  
  18  0:56  Extractor  
  17  1:01  Hatchery  
  17  1:02  Drone  
  17  1:09  Drone  
  18  1:23  Drone  
  18  1:24  Spawning Pool  
  18  1:37  Drone x2  
  20  1:48  Overlord  
  20  2:11  Metabolic Boost  
  20  2:12  Queen x2  
  20  2:14  Zergling x4  
  26  2:17  Zergling x2  
  27  2:25  Zergling x4  
  29  2:34  Zergling x2  
  30  2:42  Zergling x4  
  32  2:55  Zergling x4  
  33  3:05  Zergling x2  
  33  3:06  Zergling x2  
  35  3:14  Overlord  
  35  3:27  Zergling x2  
  35  3:30  Overlord x2  
  35  3:45  Zergling x2  
  35  3:47  Queen x2  
  40  3:49  Zergling x10  
  45  3:56  Drone  
  46  4:05  Roach Warren  
  44  4:14  Zergling x2  
  44  4:15  Zergling x4  
  37  4:34  Zergling x10  
  37  4:35  Zergling x6  
  43  4:45  Zergling x4  
  39  5:07  Zergling x12  
Tags
 
Add a new tag
Caveats
  • Supply blocks, unpowered buildings, or Contaminate may cause inaccurate times.
  • Supply counts are checked every 10 seconds.